 Dungeon Crawl Stone Soup version 0.22-a0-305-gd21a89c (webtiles) character file.

71 Gildeon the Magician (level 4, -10/24 HPs)
             Began as a Gargoyle Earth Elementalist on Mar 28, 2018.
             Killed by divine providence
             ... invoked by an orc priest
              (16 damage)
             ... on level 2 of the Dungeon.
             The game lasted 00:14:07 (1631 turns).

Gildeon the Magician (Gargoyle Earth Elementalist)  Turns: 1631, Time: 00:14:07

Health: -10/24     AC:  5    Str: 12    XL:     4   Next: 24%
Magic:  5/10       EV: 12    Int: 16    God:
Gold:   66         SH:  0    Dex: 10    Spells: 5/11 levels left

rFire    . . .     SeeInvis .   (no weapon)
rCold    . . .     Gourm    .   (no shield)
rNeg     + . .     Faith    .   c - +0 robe
rPois    ∞         Spirit   .   (no helmet)
rElec    +         Reflect  .   (no cloak)
rCorr    .         Harm     .   (no gloves)
MR       .....                  (no boots)
Stlth    ++........             (no amulet)
HPRegen  0.08/turn              (no ring)
MPRegen  0.12/turn              (no ring)

@: no status effects
A: negative energy resistance 1, electricity resistance, unbreathing,
petrification resistance, rot immunity, AC +3
a: no special abilities


You were on level 2 of the Dungeon.
You were not hungry.

You visited 1 branch of the dungeon, and saw 3 of its levels.

You collected 66 gold pieces.

Inventory:

Missiles
 b - 79 stones (quivered)
Armour
 c - a +0 robe (worn)
Potions
 a - a potion of heal wounds {unknown}
 e - a potion of magic {unknown}
 f - a potion of brilliance {unknown}
 g - a potion of cancellation {unknown}
 h - a potion of berserk rage {unknown}
 i - a potion of mutation {unknown}
 k - 2 potions of invisibility {unknown}
Comestibles
 d - 5 rations
 j - a chunk of flesh


   Skills:
 - Level 1.5 Dodging
 - Level 2.1 Stealth
 + Level 4.1 Spellcasting
 - Level 0.7 Transmutations
 - Level 3.6 Earth Magic


You had 5 spell levels left.
You knew the following spells:

 Your Spells              Type           Power        Failure   Level  Hunger
a - Sandblast             Erth           ##....       3%          1    None
b - Passwall              Tmut/Erth      ##........   11%         2    ##.....
c - Stone Arrow           Conj/Erth      #.....       24%         3    ###....


Dungeon Overview and Level Annotations

Branches:
Dungeon (3/15)

Altars:
Gozag


Innate Abilities, Weirdness & Mutations

You are resistant to torment.
Your stone body is resilient. (AC +3)
You are immune to poison.
You resist negative energy. (rN+)
You are resistant to electric shocks. (rElec)
You can survive without breathing.
You are immune to petrification.
You are immune to rotting.


Message History

Aim: an orc priest, wielding a war axe The blast of sand hits the orc priest.
The orc priest is moderately wounded.
b - 80 stones The orc priest mumbles some strange prayers to Beogh against you.
Pain shoots through your body!
* * * LOW HITPOINT WARNING * * *
Casting: Sandblast (safe; 3% risk of failure)
Confirm with . or Enter, or press ? or * to list all spells.
Aiming: Sandblast (safe; 3% risk of failure)
Press: ? - help, Shift-Dir - straight line, f/p - orc priest
Aim: an orc priest, wielding a war axe (moderately wounded)
The blast of sand hits the orc priest.
The orc priest is moderately wounded.
b - 79 stones
There is a stone staircase leading up here.
The orc priest invokes the aid of Beogh against you.
Beogh smites you!
Ouch! That really hurt!
You die...

#.# #.##.# #.## ##.#
#.##.###.## #..#
#..........
..#####.#######.######
................#
...##...#######.#
#..#..######.## #
#.###.........#
....##.@#..######..#
.......o...........#
..#.####r#########.# #
#.# #.# #o# #.#####
...######o# #......
.$o$ro....# #######
.$_o####### #


You could see an orc priest, an orc wizard, an orc and a rat.

Vanquished Creatures
  An orc wizard (D:2)
  2 adders
  A dart slug (D:1)
  2 leopard geckos (D:1)
  A giant cockroach (D:1)
  2 goblins (D:1)
  3 hobgoblins (D:1)
  4 kobolds
  A ball python (D:1)
  5 bats
  2 frilled lizards (D:1)
  2 rats (D:1)
26 creatures vanquished.

Notes
Turn   | Place    | Note
-------+----------+-------------------------------------------
     0 | D:1      | Gildeon the Gargoyle Earth Elementalist began the quest for the Orb.
     0 | D:1      | Reached XP level 1. HP: 10/10 MP: 3/3
   365 | D:1      | Reached XP level 2. HP: 15/15 MP: 0/5
   493 | D:1      | Learned a level 2 spell: Passwall
   749 | D:1      | Reached skill level 3 in Spellcasting
   955 | D:1      | Reached XP level 3. HP: 19/19 MP: 4/7
   964 | D:1      | Learned a level 3 spell: Stone Arrow
  1541 | D:2      | Found a faded altar of an unknown god.
  1614 | D:2      | Found an opulent altar of Gozag.
  1618 | D:2      | Reached skill level 4 in Spellcasting
  1618 | D:2      | Reached XP level 4. HP: 24/24 MP: 7/10
  1631 | D:2      | Killed from afar by an orc priest

Vault maps used:
D:1:      giann_bridges, minivault_19
D:2:      marbit_many_paths, nicolae_gozag_seed_capital,
          chequers_ecumenical_altar_lobes, serial_park_tiny_2
D:3:      grunt_ministairs_14, lightli_corner_chamber

Skill      XL: |  1  2  3 |
---------------+----------+-----
Spellcasting   | 3 4 |  4.1
Dodging        | |  1.5
Stealth        | |  2.1
Transmutations | |  0.7
Earth Magic    | |  3.6

Action                   |  1- 3 |  4- 6 || total
-------------------------+-------+-------++-------
Melee: Unarmed           |     1 |       ||     1
 Cast: Sandblast         |    36 |     4 ||    40
  Use: Scroll            |     3 |       ||     3
  Eat: Chunk             |     2 |       ||     2
Armor: Robe              |     4 |       ||     4
Dodge: Dodged            |     6 |       ||     6

Table legend:
 A = Spawn XP
 B = Non-spawn XP
 C = Spawn XP percentage of total XP
 D = Spawn monster count
 E = Non-spawn monster count
 F = Spawn count percentage of total count
 G = Total turns spent on level
                    A         B        C        D         E        F      G
               +---------+---------+-------+---------+---------+-------+---------
         Total |       0 |     102 |   0.0 |       0 |      26 |   0.0 |  1631
               +---------+---------+-------+---------+---------+-------+---------
           D:1 |       0 |      36 |   0.0 |       0 |      20 |   0.0 |  1051
           D:2 |       0 |      52 |   0.0 |       0 |       4 |   0.0 |   551
           D:3 |       0 |      14 |   0.0 |       0 |       2 |   0.0 |    29
               +---------+---------+-------+---------+---------+-------+---------
